| TOP OF THE 1ST |
|
Palm Beach Nationals batting - Pitching for Colorado Avalanche : LHP Rafael Lozano
|
|
Pitching: LHP Rafael Lozano
|
|
|
Batting: RHB Taffounnout Kame
|
0-0: Swinging Strike 0-1: Ball 1-1: DOUBLE (Line Drive, 89D, EV 105.6 MPH)
|
|
Batting: RHB Aaron Bateman
|
0-0: Ball 1-0: Ball 2-0: Ball 3-0: Swinging Strike 3-1: Called Strike 3-2: Ground out 5-3 (Groundball, 5, EV 88.1 MPH)
|
|
Batting: LHB Chris Williams
|
0-0: Ball 1-0: Reached on error, E4 (Groundball, 34, EV 78.1 MPH) Taffounnout Kame to third
|
|
Batting: RHB Er Le
|
0-0: Ball Chris Williams steals 2nd base 1-0: Ball 2-0: Ball Balk! Taffounnout Kame scores Chris Williams to third 3-0: Called Strike 3-1: Foul Ball, location: 2F 3-2: Strikes out swinging
|
|
Batting: RHB Steve Kunselman
|
0-0: Ball 1-0: Ball 2-0: Foul Ball, location: 2F 2-1: Swinging Strike 2-2: Foul Ball, location: 2F 2-2: Strikes out swinging
|
| Top of the 1st over - 1 run, 1 hit, 1 error, 1 left on base; Palm Beach 1 - Colorado 0 |
| BOTTOM OF THE 1ST |
|
Colorado Avalanche batting - Pitching for Palm Beach Nationals : RHP Jessie Fisher
|
|
Pitching: RHP Jessie Fisher
|
|
|
Batting: RHB Matviy Oliynyk
|
0-0: Swinging Strike 0-1: Swinging Strike 0-2: Ground out 6-3 (Groundball, 6, EV 88.8 MPH)
|
|
Batting: SHB Chris Besselman
|
0-0: SOLO HOME RUN (Flyball, 78XD, EV 105.0 MPH), Distance : 431 ft
|
|
Batting: LHB Nick Rooney
|
0-0: Ball 1-0: Ground out 6-3 (Groundball, 6, EV 83.1 MPH)
|
|
Batting: RHB Eric Delgado
|
0-0: Foul Ball, location: 2F 0-1: Ball 1-1: Foul Ball, location: 2F 1-2: Ball 2-2: Ground out 6-3 (Groundball, 6S, EV 79.4 MPH)
|
| Bottom of the 1st over - 1 run, 1 hit, 0 errors, 0 left on base; Palm Beach 1 - Colorado 1 |
| TOP OF THE 2ND |
|
Palm Beach Nationals batting - Pitching for Colorado Avalanche : LHP Rafael Lozano
|
|
Batting: RHB Scott Merritt
|
0-0: SINGLE (Line Drive, 78S, EV 96.9 MPH)
|
|
Batting: RHB Kenny Ball
|
0-0: Swinging Strike 0-1: Foul Ball, location: 2F 0-2: Ball 1-2: Ball 2-2: Ball 3-2: Foul Ball, location: 2F 3-2: Foul Ball, location: 2F 3-2: Strikes out looking
|
|
Batting: RHB Joe Simmelink
|
0-0: Fly out, F3 (Line Drive, 3L, EV 72.5 MPH) Lined into DP, U3 (Line Drive, 3L, EV 66.2 MPH)
|
| Top of the 2nd over - 0 runs, 1 hit, 0 errors, 0 left on base; Palm Beach 1 - Colorado 1 |
| BOTTOM OF THE 2ND |
|
Colorado Avalanche batting - Pitching for Palm Beach Nationals : RHP Jessie Fisher
|
|
Batting: RHB Mike McElroy
|
0-0: Called Strike 0-1: Foul Ball, location: 2F 0-2: Ball 1-2: SINGLE (Line Drive, 8RS, EV 111.9 MPH)
|
|
Batting: LHB Mick Tucker
|
0-0: Foul Ball, location: 2F 0-1: Fly out, F8 (Flyball, 8LD, EV 104.4 MPH)
|
|
Batting: SHB Craig Ruzic
|
Balk! Mike McElroy to second 0-0: Ball 1-0: Called Strike 1-1: Ball 2-1: Fly out, F9 (Flyball, 9LSF, EV 88.8 MPH)
|
|
Batting: RHB Seisaburo Edagawa
|
0-0: Ball 1-0: Fly out, F7 (Line Drive, 7, EV 98.1 MPH)
|
| Bottom of the 2nd over - 0 runs, 1 hit, 0 errors, 1 left on base; Palm Beach 1 - Colorado 1 |
| TOP OF THE 3RD |
|
Palm Beach Nationals batting - Pitching for Colorado Avalanche : LHP Rafael Lozano
|
|
Batting: RHB Akira Ishihara
|
0-0: Called Strike 0-1: Foul Ball, location: 2F 0-2: Foul Ball, location: 2F 0-2: Ball 1-2: Ball 2-2: Strikes out swinging
|
|
Batting: RHB Taffounnout Kame
|
0-0: Called Strike 0-1: Ball 1-1: SINGLE (Line Drive, 78S, EV 100.6 MPH)
|
|
Batting: RHB Aaron Bateman
|
0-0: Called Strike 0-1: Ball 1-1: Foul Ball, location: 2F 1-2: Strikes out swinging
|
|
Batting: LHB Chris Williams
|
0-0: Ball Taffounnout Kame steals 2nd, throwing error, E2 Taffounnout Kame to third 1-0: Called Strike 1-1: Ball 2-1: Called Strike 2-2: Strikes out swinging
|
| Top of the 3rd over - 0 runs, 1 hit, 1 error, 1 left on base; Palm Beach 1 - Colorado 1 |
| BOTTOM OF THE 3RD |
|
Colorado Avalanche batting - Pitching for Palm Beach Nationals : RHP Jessie Fisher
|
|
Batting: LHB Nick Martin
|
0-0: Fly out, F9 (Flyball, 9, EV 90.0 MPH)
|
|
Batting: RHB Matviy Oliynyk
|
0-0: Fly out, F7 (Flyball, 78M, EV 92.5 MPH)
|
|
Batting: SHB Chris Besselman
|
0-0: Ball 1-0: Ball 2-0: Foul Ball, location: 2F 2-1: Foul Ball, location: 2F 2-2: Foul Ball, location: 2F 2-2: Foul Ball, location: 2F 2-2: Ball 3-2: Fly out, F7 (Flyball, 7D, EV 98.8 MPH)
|
| Bottom of the 3rd over - 0 runs, 0 hits, 0 errors, 0 left on base; Palm Beach 1 - Colorado 1 |
| TOP OF THE 4TH |
|
Palm Beach Nationals batting - Pitching for Colorado Avalanche : LHP Rafael Lozano
|
|
Batting: RHB Er Le
|
0-0: Called Strike 0-1: Foul Ball, location: 2F 0-2: Strikes out looking
|
|
Batting: RHB Steve Kunselman
|
0-0: Ball 1-0: Called Strike 1-1: Swinging Strike 1-2: Strikes out swinging
|
|
Batting: RHB Scott Merritt
|
0-0: Called Strike 0-1: Foul Ball, location: 2F 0-2: Strikes out swinging
|
| Top of the 4th over - 0 runs, 0 hits, 0 errors, 0 left on base; Palm Beach 1 - Colorado 1 |
| BOTTOM OF THE 4TH |
|
Colorado Avalanche batting - Pitching for Palm Beach Nationals : RHP Jessie Fisher
|
|
Batting: LHB Nick Rooney
|
0-0: Foul Ball, location: 2F 0-1: Ball 1-1: Foul Ball, location: 2F 1-2: Fly out, F7 (Flyball, 7LS, EV 85.6 MPH)
|
|
Batting: RHB Eric Delgado
|
0-0: Ball 1-0: Ground out 4-3 (Groundball, 4M, EV 88.8 MPH)
|
|
Batting: RHB Mike McElroy
|
0-0: Ball 1-0: Ball 2-0: Ball 3-0: Called Strike 3-1: Ground out 2-3 (Groundball, 15S, EV 63.8 MPH)
|
| Bottom of the 4th over - 0 runs, 0 hits, 0 errors, 0 left on base; Palm Beach 1 - Colorado 1 |
| TOP OF THE 5TH |
|
Palm Beach Nationals batting - Pitching for Colorado Avalanche : LHP Rafael Lozano
|
|
Batting: RHB Kenny Ball
|
0-0: Ground out U3 (Groundball, 3, EV 86.9 MPH)
|
|
Batting: RHB Joe Simmelink
|
0-0: Ball 1-0: Fly out, F9 (Line Drive, 89M, EV 110.0 MPH)
|
|
Batting: RHB Akira Ishihara
|
0-0: Called Strike 0-1: Ball 1-1: Called Strike 1-2: Foul Ball, location: 2F 1-2: Ball 2-2: Foul Ball, location: 2F 2-2: Ball 3-2: Base on Balls
|
|
Pitching: RHP Edwin Bejarano
|
|
|
Batting: RHB Taffounnout Kame
|
0-0: Ball 1-0: Foul Ball, location: 2F 1-1: Foul Ball, location: 2F 1-2: Ball 2-2: Ground out 1-3 (Groundball, 13S, EV 74.4 MPH)
|
| Top of the 5th over - 0 runs, 0 hits, 0 errors, 1 left on base; Palm Beach 1 - Colorado 1 |
| BOTTOM OF THE 5TH |
|
Colorado Avalanche batting - Pitching for Palm Beach Nationals : RHP Jessie Fisher
|
|
Batting: LHB Mick Tucker
|
0-0: Called Strike 0-1: Called Strike 0-2: Strikes out swinging
|
|
Batting: SHB Craig Ruzic
|
0-0: Foul Ball, location: 2F 0-1: Ball 1-1: Ball 2-1: Ball 3-1: Foul Ball, location: 2F 3-2: Foul Ball, location: 2F 3-2: Base on Balls
|
|
Batting: RHB Seisaburo Edagawa
|
0-0: Called Strike Craig Ruzic is caught stealing 2nd base 2-4 0-1: Ball 1-1: Ball 2-1: Foul Ball, location: 2F 2-2: Ball 3-2: Fly out, F9 (Line Drive, 89M, EV 89.4 MPH)
|
| Bottom of the 5th over - 0 runs, 0 hits, 0 errors, 0 left on base; Palm Beach 1 - Colorado 1 |
| TOP OF THE 6TH |
|
Palm Beach Nationals batting - Pitching for Colorado Avalanche : RHP Edwin Bejarano
|
|
Batting: RHB Aaron Bateman
|
0-0: Foul Ball, location: 2F 0-1: Ball 1-1: Ball 2-1: Foul Ball, location: 2F 2-2: Foul Ball, location: 2F 2-2: SINGLE (Line Drive, 56D, EV 103.8 MPH)
|
|
Batting: LHB Chris Williams
|
0-0: Ball 1-0: Called Strike 1-1: Called Strike Aaron Bateman is caught stealing 2nd base 2-6 1-2: Strikes out swinging
|
|
Batting: RHB Er Le
|
0-0: Ball 1-0: Foul Ball, location: 2F 1-1: SINGLE (Line Drive, 4MD, EV 99.4 MPH)
|
|
Batting: RHB Steve Kunselman
|
0-0: Foul Ball, location: 2F 0-1: Ball Er Le steals 2nd base 1-1: Swinging Strike 1-2: Ball 2-2: Foul Ball, location: 2F 2-2: Foul Ball, location: 2F 2-2: Foul Ball, location: 2F 2-2: Ball 3-2: Foul Ball, location: 2F 3-2: Base on Balls
|
|
Batting: RHB Scott Merritt
|
0-0: Ball 1-0: Swinging Strike 1-1: Foul Ball, location: 2F 1-2: Strikes out looking
|
| Top of the 6th over - 0 runs, 2 hits, 0 errors, 2 left on base; Palm Beach 1 - Colorado 1 |
| BOTTOM OF THE 6TH |
|
Colorado Avalanche batting - Pitching for Palm Beach Nationals : RHP Jessie Fisher
|
|
Batting: LHB Nick Martin
|
0-0: Ball 1-0: Ball 2-0: Ball 3-0: Called Strike 3-1: Called Strike 3-2: Ground out 5-3 (Groundball, 5L, EV 83.8 MPH)
|
|
Pitching: RHP Justin Davenport
|
|
|
Batting: RHB Matviy Oliynyk
|
0-0: Ball 1-0: Foul Ball, location: 2F 1-1: Foul Ball, location: 2F 1-2: Foul Ball, location: 2F 1-2: Ball 2-2: Ball 3-2: Foul Ball, location: 2F 3-2: Base on Balls
|
|
Batting: SHB Chris Besselman
|
0-0: Ball 1-0: Foul Ball, location: 2F 1-1: Swinging Strike 1-2: Ball 2-2: Ball 3-2: Foul Ball, location: 2F 3-2: Reached on error, E4 (Groundball, 4, EV 105.6 MPH) Matviy Oliynyk to second
|
|
Batting: LHB Nick Rooney
|
0-0: Ball Matviy Oliynyk is caught stealing 3rd base 2-5 1-0: DOUBLE (Flyball, 78XD, EV 107.5 MPH) Chris Besselman to third Runner from 3rd tries for Home, SAFE, throw by CF to home
|
|
Batting: RHB Eric Delgado
|
0-0: Ball 1-0: Foul Ball, location: 2F 1-1: Ball 2-1: Foul Ball, location: 2F 2-2: Ball 3-2: Ground out 1-3 (Groundball, 13, EV 70.0 MPH)
|
| Bottom of the 6th over - 1 run, 1 hit, 1 error, 1 left on base; Palm Beach 1 - Colorado 2 |
| TOP OF THE 7TH |
|
Palm Beach Nationals batting - Pitching for Colorado Avalanche : RHP Edwin Bejarano
|
|
Pinch Hitting: RHB Chad Madsen
|
0-0: Ball 1-0: Fly out, F7 (Flyball, 7D, EV 101.2 MPH)
|
|
Pinch Hitting: LHB Vince McLane
|
0-0: Ball 1-0: Ball 2-0: Called Strike 2-1: Swinging Strike 2-2: Ground out 4-3 (Groundball, 4, EV 77.5 MPH)
|
|
Batting: RHB Akira Ishihara
|
0-0: Ball 1-0: SOLO HOME RUN (Flyball, 9LD, EV 91.9 MPH), Distance : 344 ft
|
|
Batting: RHB Taffounnout Kame
|
0-0: Ball 1-0: DOUBLE (Line Drive, 9LM, EV 106.2 MPH)
|
|
Batting: RHB Aaron Bateman
|
0-0: Foul Ball, location: 2F 0-1: Ball 1-1: Called Strike 1-2: Ground out 4-3 (Groundball, 4, EV 101.2 MPH)
|
| Top of the 7th over - 1 run, 2 hits, 0 errors, 1 left on base; Palm Beach 2 - Colorado 2 |
| BOTTOM OF THE 7TH |
|
Colorado Avalanche batting - Pitching for Palm Beach Nationals : RHP Justin Davenport
|
|
Now at 1B: Vasag Semerjian
|
|
|
Now in LF: Chad Madsen
|
|
|
Now in CF: Steve Kunselman
|
|
|
Batting: RHB Mike McElroy
|
0-0: Ball 1-0: Called Strike 1-1: SOLO HOME RUN (Flyball, 7D, EV 111.2 MPH), Distance : 397 ft
|
|
Batting: LHB Mick Tucker
|
0-0: Called Strike 0-1: Ground out U3 (Groundball, 34, EV 83.8 MPH)
|
|
Batting: SHB Craig Ruzic
|
0-0: Foul Ball, location: 2F 0-1: Foul Ball, location: 2F 0-2: Foul Ball, location: 2F 0-2: Hit by Pitch
|
|
Batting: RHB Seisaburo Edagawa
|
0-0: Called Strike 0-1: Ball 1-1: Foul Ball, location: 2F 1-2: Ball 2-2: Ball 3-2: Strikes out swinging Craig Ruzic is caught stealing 2nd base 2-4 Batter strikes out.
|
| Bottom of the 7th over - 1 run, 1 hit, 0 errors, 0 left on base; Palm Beach 2 - Colorado 3 |
| TOP OF THE 8TH |
|
Palm Beach Nationals batting - Pitching for Colorado Avalanche : RHP Edwin Bejarano
|
|
Batting: LHB Chris Williams
|
0-0: Ball 1-0: Ball 2-0: Ball 3-0: Called Strike 3-1: Base on Balls
|
|
Batting: RHB Er Le
|
0-0: Foul Ball, location: 2F 0-1: Ball 1-1: Foul Ball, location: 2F 1-2: SINGLE (Line Drive, 89M, EV 99.4 MPH) Chris Williams to second
|
|
Batting: RHB Steve Kunselman
|
0-0: Called Strike 0-1: Called Strike 0-2: Foul Ball, location: 2F 0-2: Ball 1-2: Strikes out looking
|
|
Pitching: RHP Ivan Castaneda
|
|
|
Pinch Hitting: LHB Mike Hamilton
|
Balk! Chris Williams to third Er Le to second 0-0: Ball 1-0: Called Strike 1-1: Foul Ball, location: 2F 1-2: Ground out 6-3 (Groundball, 6, EV 96.9 MPH) Chris Williams scores
|
|
Batting: RHB Chad Madsen
|
0-0: Swinging Strike 0-1: 2-RUN HOME RUN (Flyball, 7D, EV 98.8 MPH), Distance : 383 ft
|
|
Batting: RHB Vasag Semerjian
|
0-0: Foul Ball, location: 2F 0-1: Foul Ball, location: 2F 0-2: Ball 1-2: Ball 2-2: Foul Ball, location: 2F 2-2: Fly out, F7 (Flyball, 7D, EV 96.9 MPH)
|
| Top of the 8th over - 3 runs, 2 hits, 0 errors, 0 left on base; Palm Beach 5 - Colorado 3 |
| BOTTOM OF THE 8TH |
|
Colorado Avalanche batting - Pitching for Palm Beach Nationals : RHP Justin Davenport
|
|
Now at C: John Husson
|
|
|
Batting: LHB Nick Martin
|
0-0: Ball 1-0: Ball 2-0: Called Strike 2-1: Swinging Strike 2-2: Ball 3-2: Foul Ball, location: 2F 3-2: Fly out, F9 (Flyball, 9S, EV 86.9 MPH)
|
|
Pinch Hitting: LHB Glenn Lowther
|
0-0: Called Strike 0-1: Ball 1-1: Called Strike 1-2: Ground out 4-3 (Groundball, 4S, EV 67.5 MPH)
|
|
Batting: SHB Chris Besselman
|
0-0: Called Strike 0-1: Ball 1-1: Ball 2-1: Called Strike 2-2: Ball 3-2: Foul Ball, location: 2F 3-2: Foul Ball, location: 2F 3-2: SOLO HOME RUN (Flyball, 89XD, EV 104.4 MPH), Distance : 425 ft
|
|
Batting: LHB Nick Rooney
|
0-0: Ball 1-0: Called Strike 1-1: Called Strike 1-2: Ball 2-2: Ball 3-2: SOLO HOME RUN (Line Drive, 78XD, EV 116.9 MPH), Distance : 458 ft
|
|
Pitching: RHP Ken Yeadon
|
|
|
Batting: RHB Eric Delgado
|
0-0: Ball 1-0: Ball 2-0: Foul Ball, location: 9LSF, Error on foul ball, E9 2-1: Foul Ball, location: 2F 2-2: Ball 3-2: SOLO HOME RUN (Flyball, 7D, EV 98.1 MPH), Distance : 387 ft
|
|
Batting: RHB Mike McElroy
|
0-0: Fly out, F7 (Flyball, 7S, EV 85.0 MPH)
|
| Bottom of the 8th over - 3 runs, 3 hits, 1 error, 0 left on base; Palm Beach 5 - Colorado 6 |
| TOP OF THE 9TH |
|
Palm Beach Nationals batting - Pitching for Colorado Avalanche : RHP Ivan Castaneda
|
|
Now at 3B: Kevin Tangeman
|
|
|
Now in LF: Glenn Lowther
|
|
|
Now in RF: Nick Martin
|
|
|
Batting: RHB Akira Ishihara
|
0-0: Called Strike 0-1: Foul Ball, location: 2F 0-2: Ball 1-2: Foul Ball, location: 2F 1-2: Foul Ball, location: 2F 1-2: Ball 2-2: Strikes out swinging
|
|
Batting: RHB Taffounnout Kame
|
0-0: SINGLE (Flyball, 9S, EV 95.0 MPH)
|
|
Batting: RHB Aaron Bateman
|
0-0: Called Strike 0-1: Ball 1-1: Swinging Strike 1-2: Strikes out looking
|
|
Batting: LHB Chris Williams
|
0-0: Ball 1-0: Ball 2-0: Ball 3-0: Called Strike 3-1: Foul Ball, location: 2F 3-2: Strikes out looking
|
| Top of the 9th over - 0 runs, 1 hit, 0 errors, 1 left on base; Palm Beach 5 - Colorado 6 |
|